 Dungeon Crawl Stone Soup version 0.31-a0-846-gb3bcc0d938 (webtiles) character file.

Game seed: 327680776204411476

9941 DocEon the Eclecticist (level 11, 0/58 (60) HPs)
             Began as a Deep Elf Conjurer on Oct 3, 2023.
             Was a Priest of Vehumet.
             Slain by a spectral orc warlord
             ... wielding a +0 battleaxe
             ... summoned by Nergalle
              (16 damage)
             ... on level 11 of the Dungeon.
             The game lasted 00:11:42 (9567 turns).

DocEon the Eclecticist (Deep Elf Conjurer)          Turns: 9567, Time: 00:11:43

HP:   0/58 (60)     AC:  6    Str:  4    XL:     11   Next: 29%
MP:   25/43         EV: 13    Int: 28    God:    Vehumet [***...]
Gold: 768           SH:  0    Dex: 13    Spells: 33/44 levels left

rFire   . . .        a - staff of conjuration
rCold   . . .        (no shield)
rNeg    . . .        n - +1 robe
rPois   +            (no helmet)
rElec   .            A - +0 cloak
rCorr   .            o - +1 pair of gloves
SInv    .            (no boots)
Will    +....        i - amulet of magic regeneration
Stlth   ++           c - ring of poison resistance
HPRegen 0.29/turn    x - ring of magical power
MPRegen 0.68/turn

%: no passive effects
@: lightly drained
A: no striking features
a: Renounce Religion


You were on level 11 of the Dungeon.
You worshipped Vehumet.
Vehumet was most pleased with you.
You visited 2 branches of the dungeon, and saw 12 of its levels.

You collected 768 gold pieces.

Inventory:

Hand Weapons
 b - a +2 dagger of venom
Missiles
 y - 3 throwing nets
Armour
 n - a +1 robe (worn)
 o - a +1 pair of gloves (worn)
 s - the +0 leather armour of Understanding {rPois rF- rC+++}
   (You found it on level 7 of the Dungeon)

   rF-:       It makes you vulnerable to fire.
   rC+++:     It renders you almost immune to cold.
   rPois:     It protects you from poison
 A - a +0 cloak (worn)
Magical Staves
 a - a staff of conjuration (weapon)
Jewellery
 c - a ring of poison resistance (left hand)
 i - an amulet of magic regeneration (around neck)
 x - a ring of magical power (right hand)
Wands
 z - a wand of paralysis (8)
 B - a wand of digging (6)
 E - a wand of quicksilver (2)
Scrolls
 d - 2 scrolls of enchant weapon
 l - 6 scrolls of teleportation
 m - a scroll of brand weapon
 q - 2 scrolls of vulnerability
 u - a scroll of fear
 v - 3 scrolls of enchant armour
 w - a scroll of immolation
Potions
 e - 3 potions of brilliance
 f - a potion of lignification
 g - a potion of magic
 h - 7 potions of curing
 j - 2 potions of enlightenment
 k - 3 potions of mutation
 p - a potion of heal wounds
 r - a potion of berserk rage
 t - a potion of invisibility {unknown}
 C - a potion of attraction
 D - 2 potions of haste


   Skills:
 * Level 3.4 Fighting
 + Level 4.3 Dodging
 - Level 2.4 Stealth
 * Level 17.0 Spellcasting
 + Level 11.2 Conjurations
 - Level 4.0 Hexes
 - Level 4.0 Translocations


You had 33 spell levels left.
You knew the following spells:

 Your Spells              Type           Power      Damage    Failure   Level
a - Magic Dart            Conj           100%       1d8       0%          1
b - Searing Ray           Conj           100%       2d8       1%          2
c - Fulminant Prism       Conj/Hex       39%        3d17      1%          4
d - Iskenderun's Mystic   Conj/Tloc      79%        2d16      1%          4

Your spell library contained the following spells:

 Spells                   Type           Power      Damage    Failure   Level
 Sticky Flame             Conj/Fire      70%        2d8       1%          4
 Necrotise                Necr           92%        1d8       1%          1
 Dazzling Flash           Conj/Hex       100%       N/A       1%          3
 Volatile Blastmotes      Fire/Tloc      70%        2d15      1%          3
 Sublimation of Blood     Necr           23%        N/A       3%          2
 Wereblood                Tmut           23%        N/A       3%          2
 Vampiric Draining        Necr           23%        2d7       6%          3
 Agony                    Necr           23%        N/A       47%         5
 Summon Hydra             Summ           11%        N/A       100%        7


Dungeon Overview and Level Annotations

Branches:
Dungeon (11/15)            Temple (1/1) D:4            Lair (0/5) D:8
    Orc (0/2) D:10

Altars:
Ashenzari
Cheibriados
Dithmenos
Elyvilon
Fedhas
Gozag
Hepliaklqana
Kikubaaqudgha
Makhleb
Nemelex Xobeh
Okawaru
Qazlal
Ru
Sif Muna
Trog
Uskayaw
Vehumet
Wu Jian
Xom
Yredelemnul
Zin
The Shining One

Annotations:
D:8 4 transporters
D:11 Nergalle


Message History

The mystic blast hits the spectral orc warrior!!
You destroy the spectral orc warrior!
The spectral orc warrior disappears in a puff of smoke!
The mystic blast hits the spectral orc warlord!
The spectral orc warlord is heavily damaged.
The spectral orc warlord is knocked back by the mystic blast.
You hear a bellow!
A yak comes into view.
The spectral orc warlord hits you with a +0 battleaxe!
You feel drained.
Casting: Iskenderun's Mystic Blast (safe; 1% risk of failure)
Confirm with . or Enter, or press ? or * to list all spells.
You feel a surge of power!
You erupt in a blast of force!
The mystic blast hits Nergalle!
Nergalle is almost dead.
Nergalle is knocked back by the mystic blast.
The mystic blast hits the spectral orc warlord!!
The spectral orc warlord is almost destroyed.
The spectral orc warlord is knocked back by the mystic blast.
The mystic blast hits the spectral orc warrior!
You destroy the spectral orc warrior!
The spectral orc warrior disappears in a puff of smoke!
You hear a bellow!
Casting: Iskenderun's Mystic Blast (safe; 1% risk of failure)
Confirm with . or Enter, or press ? or * to list all spells.
You feel a surge of power!
You erupt in a blast of force!
The mystic blast hits the yak.
The yak is severely wounded.
The yak is knocked back by the mystic blast.
The yak collides with the spectral orc knight!
The spectral orc knight is heavily damaged.
The yak is almost dead.
The mystic blast hits the spectral orc warlord!
The spectral orc warlord is almost destroyed.
The spectral orc warlord is knocked back by the mystic blast.
A yak comes into view.
The spectral orc warlord hits you with a +0 battleaxe!
* * * LOW HITPOINT WARNING * * *
The spectral orc warlord hits you with a +0 battleaxe!
You die...

# #.####
#.ยง@.#
####ZYZ..Y(
##.....
o... .## #


You could see Nergalle, a spectral orc knight (summoned), a spectral orc warlord
(summoned) and 2 yaks.

Vanquished Creatures
  A tengu warrior (D:8)
  The ghost of dxb338 the Nimble, a novice FeSh of Wu Jian (D:8)
  An ugly thing (D:11)
  Maurice (D:8)
  An unseen horror (D:11)
  A komodo dragon (D:8)
  3 trolls
  A hornet (D:5)
  A shadow (D:8)
  3 wyverns
  11 yaks
  3 steam dragons
  2 acid dragons (D:9)
  4 water moccasins
  2 orc warriors
  An ice beast (D:8)
  2 sky beasts
  4 centaurs
  2 kobold brigands (D:8)
  3 bullfrogs
  2 gnoll sergeants (D:8)
  11 wights
  11 killer bees
  A howler monkey (D:4)
  7 crimson imps (D:7)
  A jelly (D:4)
  4 hounds
  5 orc priests
  7 iguanas
  A sleepcap (D:6)
  2 gnoll boudas (D:9)
  8 orc wizards
  15 gnolls
  5 adders
  A shadow imp (D:8)
  3 white imps
  An ufetubus (D:5)
  3 worms
  34 orcs
  3 endoplasms
  5 giant cockroaches
  4 hobgoblins
  2 jackals (D:4)
  7 kobolds
  2 quokkas
  11 ball pythons
  3 bats
  3 frilled lizards
  7 goblins
  6 rats
223 creatures vanquished.

Vanquished Creatures (others)
  11 fulminant prisms
11 creatures vanquished.

Grand Total: 234 creatures vanquished

Notes
Turn   | Place    | Note
-------+----------+-------------------------------------------
     0 | D:1      | DocEon the Deep Elf Conjurer began the quest for the Orb.
     0 | D:1      | Reached XP level 1. HP: 10/10 MP: 6/6
   173 | D:1      | Reached XP level 2. HP: 15/15 MP: 2/8
   675 | D:1      | Reached skill level 4 in Spellcasting
  1536 | D:2      | Reached XP level 3. HP: 19/19 MP: 4/10
  1772 | D:2      | Learned a level 2 spell: Searing Ray
  2024 | D:3      | Reached skill level 5 in Conjurations
  2027 | D:3      | Reached skill level 5 in Spellcasting
  2304 | D:3      | Reached XP level 4. HP: 24/24 MP: 10/13
  2341 | D:3      | Learned a level 4 spell: Fulminant Prism
  2346 | D:3      | Learned a level 4 spell: Iskenderun's Mystic Blast
  2523 | D:3      | Reached skill level 1 in Hexes
  2739 | D:4      | Reached skill level 1 in Translocations
  2739 | D:4      | Reached XP level 5. HP: 28/28 MP: 8/15
  2892 | D:4      | Found a glowing golden altar of the Shining One.
  2893 | D:4      | Found an ancient bone altar of Kikubaaqudgha.
  2922 | D:4      | Reached skill level 6 in Spellcasting
  3302 | D:4      | Found a shimmering altar of Xom.
  3382 | D:4      | Found a staircase to the Ecumenical Temple.
  3764 | D:5      | Entered Level 5 of the Dungeon
  3905 | D:5      | Reached XP level 6. HP: 24/32 MP: 10/17
  4068 | D:5      | Noticed a hornet
  4076 | D:5      | Killed a hornet
  4077 | D:5      | Reached skill level 7 in Spellcasting
  4077 | D:5      | Reached XP level 7. HP: 36/36 MP: 3/19
  4633 | Temple   | Entered the Ecumenical Temple
  4648 | Temple   | Became a worshipper of Vehumet
  4828 | D:5      | Reached skill level 8 in Spellcasting
  5362 | D:6      | Noticed a yak
  5373 | D:6      | Killed a yak
  5407 | D:6      | Noticed a yak
  5408 | D:6      | Noticed a yak
  5408 | D:6      | Noticed a yak
  5408 | D:6      | Noticed a yak
  5410 | D:6      | Noticed a yak
  5425 | D:6      | Reached skill level 9 in Spellcasting
  5425 | D:6      | Reached XP level 8. HP: 38/41 MP: 20/23
  5430 | D:6      | Reached skill level 10 in Spellcasting
  5437 | D:6      | Reached skill level 11 in Spellcasting
  5630 | D:6      | Reached XP level 9. HP: 27/45 MP: 19/26
  6125 | D:7      | Identified the +0 leather armour of Understanding {rPois
                  | rF- rC+++}
  6216 | D:7      | Reached skill level 12 in Spellcasting
  6217 | D:7      | Reached * piety under Vehumet
  6217 | D:7      | Offered knowledge of Kiss of Death by Vehumet.
  6468 | D:7      | Reached skill level 13 in Spellcasting
  6697 | D:8      | Found a runed translucent gate.
  6697 | D:8      | Found a runed translucent gate.
  6697 | D:8      | Found a runed translucent gate.
  6698 | D:8      | Noticed dxb338's ghost (novice FeSh)
  6757 | D:8      | Found a transporter.
  6759 | D:8      | Found a transporter.
  6782 | D:8      | Found a staircase to the Lair.
  6783 | D:8      | Noticed a komodo dragon
  6801 | D:8      | Killed a komodo dragon
  6948 | D:8      | Noticed a tengu warrior
  6959 | D:8      | Killed a tengu warrior
  6960 | D:8      | Reached skill level 14 in Spellcasting
  6960 | D:8      | Reached XP level 10. HP: 50/50 MP: 23/30
  7031 | D:8      | Noticed Maurice
  7032 | D:8      | Reached ** piety under Vehumet
  7032 | D:8      | Offered knowledge of Static Discharge by Vehumet.
  7033 | D:8      | Reached skill level 10 in Conjurations
  7036 | D:8      | Reached skill level 15 in Spellcasting
  7371 | D:8      | Found a transporter.
  7396 | D:8      | Found a transporter.
  7445 | D:8      | Killed Maurice
  7581 | D:8      | Offered knowledge of Momentum Strike by Vehumet.
  7877 | D:8      | Killed dxb338's ghost
  7878 | D:8      | Reached skill level 16 in Spellcasting
  8059 | D:9      | Reached skill level 1 in Fighting
  8087 | D:9      | Reached *** piety under Vehumet
  8094 | D:9      | Identified the +5 trident "X" {flame, Str+4}
  8456 | D:9      | Found a hide-covered altar of Uskayaw.
  8510 | D:10     | Entered Level 10 of the Dungeon
  8525 | D:10     | Reached XP level 11. HP: 57/57 MP: 29/33
  8560 | D:10     | Found a staircase to the Orcish Mines.
  9227 | D:10     | Offered knowledge of Sticky Flame by Vehumet.
  9395 | D:11     | Noticed a red ugly thing
  9398 | D:11     | Killed a red ugly thing
  9399 | D:11     | Reached skill level 17 in Spellcasting
  9400 | D:11     | Noticed Nergalle
  9562 | D:11     | Noticed a spectral orc warlord
  9567 | D:11     | Slain by a spectral orc warlord

Illustrated notes

Levels and vault maps discovered:
D:1:      noname_arrival_rooms_in_the_neighbourhood, layout_loops_ring
D:2:      kennysheep_big_flooded_room, layout_basic,
          wad_floor_pattern_untrapped, hex_tiny
D:3:      layout_basic
D:4:      layout_gridville, mainiacjoe_overflow_divided_tiny, tgw_xom,
          minmay_temple_entry_gardened_gates
D:5:      layout_loops_corners, nicolae_concentric_dashed_squares_mild,
          minivault_14
D:6:      layout_basic
D:7:      layout_basic, minmay_nine_imps
D:8:      minmay_opposing_rooms, layout_cave_pools, david_lair_shrubbed,
          ebering_ghost_rock_garden, serial_bayou_lagoon_a, corner_web_ring,
          nicolae_transporter_circle, uniq_maurice
D:9:      layout_roguey, nicolae_uskayaw_dance_hall
D:10:     layout_basic
D:11:     layout_loops_ring, hellmonk_guarded_unrand_night, uniq_amaemon,
          uniq_nergalle
Temple:   regret_index_temple_chain_breaker

Skill      XL: |  1  2  3  4  5  6  7  8  9 10 11 |
---------------+----------------------------------+-----
Spellcasting   | 4 5 6 7 9 11 14 16 17 | 17.0
Conjurations   | 5 6 8 9 11 | 11.2
Hexes          | 1 2 3 4 |  4.0
Translocations | 1 2 4 |  4.0
Fighting       | 2 3 |  3.4
Dodging        | 3 4 |  4.3
Stealth        | |  2.4

Action                     |  1- 3 |  4- 6 |  7- 9 | 10-12 || total
---------------------------+-------+-------+-------+-------++-------
  Melee: Staff             |       |       |     1 |     5 ||     6
   Cast: Magic Dart        |    81 |    85 |    87 |    73 ||   326
         Searing Ray       |       |     2 |    17 |     4 ||    23
         Iskenderun's Myst |       |     2 |    32 |    75 ||   109
         Fulminant Prism   |       |       |     3 |     8 ||    11
    Use: Scroll            |     6 |     2 |     3 |     7 ||    18
 Armour: Robe              |     4 |     8 |    36 |    49 ||    97
  Dodge: Dodged            |     2 |     3 |    20 |    44 ||    69

Table legend: (Time is in decaauts)
 A = Elapsed time spent in this place.
 B = Non-inter-level travel time spent in this place.
 C = Inter-level travel time spent in this place.
 D = Time resting spent in this place.
 E = Time spent auto-exploring this place.
 F = Levels seen in this place.
 G = Mean time per level.
                   A        B        C        D        E       F      G
               +--------+--------+--------+--------+--------+-----+--------+
         Total |   9583 |   9069 |    514 |   1145 |   6808 |  12 |  798.6 |
       Dungeon |   9552 |   9066 |    486 |   1145 |   6808 |  11 |  868.4 |
        Temple |     30 |      2 |     28 |      0 |      0 |   1 |   30.0 |
               +--------+--------+--------+--------+--------+-----+--------+

Top non-repeatable levels by time:
     D:5: 1283 daAuts
     D:8: 1160 daAuts
     D:4: 1135 daAuts
     D:2: 1064 daAuts
    D:10: 1034 daAuts
     D:3: 959 daAuts
     D:1: 794 daAuts
     D:7: 746 daAuts
     D:6: 740 daAuts
     D:9: 608 daAuts
  Temple: 30 daAuts
    D:11: 23 daAuts
